 Dungeon Crawl Stone Soup version 0.21-a0-110-g8e1637b (webtiles) character file.

54 nikopol the Firebug (level 3, -5/19 HPs)
             Began as a Deep Elf Fire Elementalist on July 8, 2017.
             Slain by an iguana (15 damage)
             ... on level 3 of the Dungeon.
             The game lasted 00:05:41 (1927 turns).

nikopol the Firebug (Deep Elf Fire Elementalist)    Turns: 1927, Time: 00:05:42

Health: -5/19      AC:  3    Str:  5    XL:     3   Next: 66%
Magic:  1/10       EV: 13    Int: 20    God:
Gold:   125        SH:  0    Dex: 15    Spells: 6/9 levels left

rFire    . . .     SeeInvis .   m - +2 dagger (protect)
rCold    . . .     Gourm    .   (no shield)
rNeg     . . .     Faith    .   a - +1 robe
rPois    .         Spirit   .   (no helmet)
rElec    .         Reflect  .   (no cloak)
rCorr    .         Harm     .   (no gloves)
MR       .....                  (no boots)
Stlth    ++........             (no amulet)
HPRegen  0.06/turn              (no ring)
MPRegen  0.12/turn              (no ring)

@: very slightly contaminated
A: no striking features
a: no special abilities


You were on level 3 of the Dungeon.
You were not hungry.

You visited 1 branch of the dungeon, and saw 3 of its levels.

You collected 125 gold pieces.

Inventory:

Hand Weapons
 d - a cursed -1 short sword
 i - a +0 dagger
 m - a +2 dagger of protection (weapon)
 w - a +1 dagger of distortion
Armour
 a - a +1 robe (worn)
Scrolls
 e - a scroll of fog
 f - 2 scrolls of remove curse
 l - a scroll of teleportation
 n - a scroll of immolation {unknown}
 o - a scroll of recharging {unknown}
 q - a scroll of magic mapping {unknown}
 v - a scroll of enchant weapon {unknown}
Potions
 h - 2 potions of curing
 j - 2 potions of mutation {unknown}
 p - 2 potions of berserk rage {unknown}
 s - a potion of flight {unknown}
 t - a potion of lignification {unknown}
 u - a potion of invisibility {unknown}
Books
 b - a book of Flames

   Spells                             Type                      Level
   a - Flame Tongue                   Conjuration/Fire             1
   b - Throw Flame                    Conjuration/Fire             2
   c - Conjure Flame                  Conjuration/Fire             3
   d - Inner Flame                    Hexes/Fire                   3
   e - Sticky Flame                   Conjuration/Fire             4
   f - Fireball                       Conjuration/Fire             5
Comestibles
 c - a bread ration
 g - 2 royal jellies
 r - 4 fruits


   Skills:
 + Level 2.8 Dodging
 + Level 3.0 Stealth
 + Level 3.5 Spellcasting
 + Level 1.5 Conjurations
 + Level 4.1 Fire Magic


You had 6 spell levels left.
You knew the following spells:

 Your Spells              Type           Power        Failure   Level  Hunger
a - Flame Tongue          Conj/Fire      ###..        4%          1    None
b - Throw Flame           Conj/Fire      ###...       6%          2    ##.....


Dungeon Overview and Level Annotations

Branches:
Dungeon (3/15)

Altars:


Message History

The iguana is heavily wounded.
The iguana bites you!
Casting: Flame Tongue
Confirm with . or Enter, or press ? or * to list all spells.
Aiming: Flame Tongue
Press: ? - help, Shift-Dir - straight line, f/p - iguana
Aim: an iguana (heavily wounded)
The flame tongue hits the iguana.
The iguana is almost dead.
The iguana closely misses you.
Casting: Flame Tongue
Confirm with . or Enter, or press ? or * to list all spells.
Aiming: Flame Tongue
Press: ? - help, Shift-Dir - straight line, f/p - iguana
Aim: an iguana (almost dead)
You miscast Flame Tongue.
You are very lightly contaminated with residual magic.
Your skin tingles.
The iguana bites you!
Ouch! That really hurt!
You die...

######### #.......#
#..<....# #.......#
#.......#
#.......#### #
#........@.# .# ##
#.......##l#####..#.
.
#.......##.#........
.
#.......##....l.....
..
####.#######........
#. #.# #........ #.#
#l......# #.#
#.....### #.#
.......# .#


You could see an iguana.

Vanquished Creatures
  An adder (D:3)
  A worm (D:2)
  A dart slug (D:1)
  2 ball pythons (D:1)
  4 giant cockroaches
  4 goblins
  5 hobgoblins
  4 kobolds
  2 bats
  A frilled lizard (D:3)
  18 rats
43 creatures vanquished.

Notes
Turn   | Place    | Note
-------+----------+-------------------------------------------
     0 | D:1      | nikopol the Deep Elf Fire Elementalist began the quest for the Orb.
     0 | D:1      | Reached XP level 1. HP: 10/10 MP: 6/6
   432 | D:1      | Reached XP level 2. HP: 15/15 MP: 5/8
   882 | D:1      | Learned a level 2 spell: Throw Flame
  1169 | D:2      | Reached skill level 4 in Fire Magic
  1199 | D:2      | Reached XP level 3. HP: 19/19 MP: 6/9
  1927 | D:3      | Slain by an iguana

Vault maps used:
D:1:      erik_arrival_orb_chamber
D:2:      minmay_tromino_v4_b
D:3:      gup_sewer_entry_spiral, first_bread

Skill      XL: |  1  2  3 |
---------------+----------+-----
Fire Magic     | 4 |  4.1
Stealth        | 3 |  3.0
Dodging        | |  2.8
Spellcasting   | |  3.5
Conjurations   | |  1.5

Action                   || total
-------------------------++-------
 Cast: Flame Tongue      ||    72
  Use: Scroll            ||     5
  Eat: Chunk             ||     3
Armor: Robe              ||     4
Dodge: Dodged            ||    15
